General information
- name: BNet
- type: Ladder team game (AT/RT)
- host: Battle.net
- saver: narutosasuke.
map: FullScaleAssault
- players: 8
- length: 63:34
- speed: Fast
- version: 1.26 W3XP
- replay type: Public
» download(331 KB)
Players
team 1 (winner)

»
kujawillpwnyooo (
purple | 48 APM | 1248 actions | 25:45)
4 Archmage
2 Summon Water Elemental
2 Blizzard
» actions
| Assign group hotkey | 23 | |
| Basic commands | 67 | |
| Build / train | 62 | |
| Enter build submenu | 25 | |
| Enter hero's abilities submenu | 4 | |
| Remove unit from queue | 5 | |
| Right click | 417 | |
| Select / deselect | 252 | |
| Select group hotkey | 333 | |
| Use ability | 60 | |
1248 total
» units
| Peasant | 19 | |
| Mortar Team | 18 | |
| Goblin Zeppelin | 1 | |
| Acolyte | 3 | |
41 total
» upgrades
| Gunpowder | 2 | |
| Lumber Harvesting | 1 | |
| Flare | 1 | |
| Fragmentation Shards | 1 | |
5 total
» buildings
| Altar of Kings | 2 | |
| Farm | 13 | |
| Keep | 1 | |
| Lumber Mill | 1 | |
| Blacksmith | 1 | |
| Arcane Vault | 1 | |
| Workshop | 2 | |
| Castle | 1 | |
| Town Hall | 3 | |
25 total
» build order
00:06 Altar of Kings
00:14 Farm
00:55 Farm
02:12 Keep
02:19 Lumber Mill
02:24 Farm
02:30 Farm
02:45 Blacksmith
03:09 Arcane Vault
03:26 Farm
03:31 Farm
04:26 Farm
04:44 Workshop
04:50 Workshop
05:03 Farm
05:49 Farm
06:31 Farm
07:35 Farm
10:15 Castle
11:03 Farm
19:32 Town Hall
19:38 Town Hall
20:45 Town Hall
24:22 Altar of Kings
24:33 Farm
» items
| Lesser Clarity Potion | 1 | |
| Scroll of Regeneration | 3 | |
| Scroll of Town Portal | 3 | |
| Potion of Healing | 1 | |
8 total
narutosasuke. (
pink | 48 APM | 3079 actions | 63:34)
11 Archmage
3 Summon Water Elemental
3 Brilliance Aura
2 Mass Teleport
3 Blizzard
» actions
| Assign group hotkey | 76 | |
| Basic commands | 122 | |
| Build / train | 113 | |
| Enter build submenu | 36 | |
| Enter hero's abilities submenu | 13 | |
| Give item / drop item | 3 | |
| Remove unit from queue | 3 | |
| Right click | 1117 | |
| Select / deselect | 445 | |
| Select group hotkey | 917 | |
| Use ability | 234 | |
3079 total
» units
| Peasant | 14 | |
| Goblin Shredder | 2 | |
| Dragonhawk Rider | 3 | |
| Goblin Zeppelin | 4 | |
| Flying Machine | 3 | |
| Gryphon Rider | 6 | |
| Mortar Team | 2 | |
| Siege Engine | 6 | |
40 total
» upgrades
| Masonry | 3 | |
| Swords | 1 | |
| Cloud | 1 | |
| Gunpowder | 2 | |
| Plating | 1 | |
| Flak Cannons | 1 | |
| Flying Machine Bombs | 1 | |
| Flare | 1 | |
| Fragmentation Shards | 1 | |
| Barrage | 1 | |
| Storm Hammers | 1 | |
14 total
» buildings
| Altar of Kings | 1 | |
| Farm | 18 | |
| Keep | 3 | |
| Scout Tower | 26 | |
| Lumber Mill | 2 | |
| Arcane Tower | 1 | |
| Arcane Vault | 2 | |
| Blacksmith | 1 | |
| Castle | 4 | |
| Gryphon Aviary | 5 | |
| Town Hall | 2 | |
| Guard Tower | 14 | |
| Workshop | 5 | |
84 total
» build order
00:09 Altar of Kings
00:24 Farm
01:45 Farm
02:06 Keep
02:09 Scout Tower
02:15 Lumber Mill
02:38 Arcane Tower
02:42 Arcane Vault
02:51 Blacksmith
03:02 Farm
03:04 Farm
03:05 Farm
03:07 Farm
03:08 Farm
04:27 Castle
04:27 Castle
05:35 Gryphon Aviary
05:40 Gryphon Aviary
10:17 Town Hall
10:23 Scout Tower
10:23 Scout Tower
10:24 Scout Tower
10:24 Scout Tower
10:24 Scout Tower
10:26 Scout Tower
10:26 Scout Tower
10:58 Guard Tower
11:00 Guard Tower
11:32 Guard Tower
12:08 Town Hall
12:10 Scout Tower
12:11 Scout Tower
12:41 Guard Tower
12:44 Scout Tower
12:44 Scout Tower
13:03 Guard Tower
13:56 Guard Tower
14:51 Scout Tower
14:51 Scout Tower
15:39 Guard Tower
16:11 Guard Tower
16:11 Guard Tower
16:16 Scout Tower
16:16 Scout Tower
16:17 Scout Tower
16:18 Scout Tower
16:18 Scout Tower
16:18 Scout Tower
16:19 Scout Tower
16:19 Scout Tower
16:48 Workshop
16:49 Workshop
17:00 Guard Tower
17:25 Guard Tower
17:25 Guard Tower
17:26 Keep
22:29 Keep
22:31 Workshop
22:36 Workshop
23:50 Arcane Vault
24:02 Castle
24:05 Workshop
27:19 Scout Tower
27:20 Scout Tower
27:20 Scout Tower
27:21 Scout Tower
27:52 Guard Tower
28:47 Guard Tower
29:09 Lumber Mill
30:14 Farm
30:14 Farm
30:14 Farm
30:15 Farm
30:15 Farm
30:16 Farm
30:17 Farm
30:17 Farm
31:37 Farm
31:38 Farm
31:38 Farm
32:50 Gryphon Aviary
32:52 Gryphon Aviary
32:54 Gryphon Aviary
» items
| Staff of Teleportation | 1 | |
| Boots of Speed | 1 | |
| Ivory Tower | 2 | |
| Staff of Sanctuary | 1 | |
| Scroll of Regeneration | 1 | |
| Scroll of Town Portal | 1 | |
| Potion of Lesser Invulnerability | 1 | |
| Tome of Retraining | 2 | |
| Potion of Invisibility | 1 | |
11 total
jebnhil (
blue | 20 APM | 1289 actions | 63:33)
5 Death Knight
2 Death Coil
3 Unholy Aura
5 Dark Ranger
3 Black Arrow
2 Silence
» actions
| Assign group hotkey | 23 | |
| Basic commands | 159 | |
| Build / train | 112 | |
| ESC pressed | 1 | |
| Enter build submenu | 55 | |
| Enter hero's abilities submenu | 10 | |
| Remove unit from queue | 4 | |
| Right click | 358 | |
| Select / deselect | 232 | |
| Select group hotkey | 254 | |
| Use ability | 81 | |
1289 total
» units
| Acolyte | 56 | |
| Ghoul | 5 | |
| Crypt Fiend | 4 | |
| Frost Wyrm | 7 | |
| Peasant | 5 | |
77 total
» upgrades
| Creature Attack | 2 | |
| Creature Carapace | 2 | |
| Web | 1 | |
| Freezing Breath | 1 | |
6 total
» buildings
| Graveyard | 5 | |
| Necropolis | 6 | |
| Crypt | 5 | |
| Ziggurat | 18 | |
| Altar of Darkness | 1 | |
| Tomb of Relics | 1 | |
| Halls of the Dead | 1 | |
| Spirit Tower | 1 | |
| Nerubian Tower | 6 | |
| Black Citadel | 1 | |
| Sacrificial Pit | 1 | |
| Boneyard | 3 | |
| Town Hall | 3 | |
| Keep | 1 | |
| Altar of Kings | 1 | |
| Farm | 3 | |
| Blacksmith | 1 | |
58 total
» build order
00:29 Graveyard
00:54 Necropolis
01:13 Crypt
01:57 Ziggurat
02:05 Ziggurat
02:52 Altar of Darkness
03:16 Tomb of Relics
03:20 Ziggurat
03:37 Halls of the Dead
04:57 Spirit Tower
05:05 Nerubian Tower
05:05 Nerubian Tower
05:05 Nerubian Tower
07:11 Black Citadel
08:39 Sacrificial Pit
09:44 Boneyard
09:53 Boneyard
12:16 Ziggurat
12:19 Ziggurat
12:20 Ziggurat
14:28 Ziggurat
14:33 Ziggurat
15:21 Ziggurat
17:39 Ziggurat
18:59 Nerubian Tower
19:10 Graveyard
20:40 Boneyard
20:59 Nerubian Tower
22:42 Graveyard
27:12 Crypt
28:39 Ziggurat
28:40 Ziggurat
29:05 Necropolis
30:41 Graveyard
30:46 Ziggurat
30:47 Ziggurat
32:38 Town Hall
33:52 Necropolis
35:56 Graveyard
36:01 Crypt
36:04 Ziggurat
36:06 Ziggurat
36:09 Ziggurat
36:10 Ziggurat
36:32 Crypt
36:33 Crypt
38:34 Keep
40:43 Necropolis
41:24 Altar of Kings
41:28 Farm
41:29 Farm
41:31 Farm
47:23 Necropolis
47:57 Necropolis
50:31 Town Hall
53:23 Blacksmith
59:53 Town Hall
Reis. (
red | 79 APM | 2007 actions | 25:17)
6 Dark Ranger
3 Black Arrow
2 Silence
1 Charm
2 Pandaren Brewmaster
1 Breath of Fire
1 Drunken Brawler
» actions
| Assign group hotkey | 43 | |
| Build / train | 77 | |
| ESC pressed | 2 | |
| Enter build submenu | 26 | |
| Enter hero's abilities submenu | 8 | |
| Give item / drop item | 3 | |
| Remove unit from queue | 1 | |
| Right click | 990 | |
| Select / deselect | 292 | |
| Select group hotkey | 496 | |
| Use ability | 69 | |
2007 total
» units
| Acolyte | 21 | |
| Ghoul | 10 | |
| Crypt Fiend | 4 | |
| Gargoyle | 1 | |
| Goblin Zeppelin | 2 | |
| Goblin Shredder | 2 | |
| Frost Wyrm | 2 | |
| Abomination | 2 | |
44 total
» upgrades
» buildings
| Ziggurat | 12 | |
| Crypt | 2 | |
| Altar of Darkness | 1 | |
| Halls of the Dead | 2 | |
| Necropolis | 3 | |
| Graveyard | 1 | |
| Black Citadel | 2 | |
| Nerubian Tower | 1 | |
| Sacrificial Pit | 1 | |
| Tomb of Relics | 1 | |
| Spirit Tower | 3 | |
| Boneyard | 3 | |
| Slaughterhouse | 4 | |
36 total
» build order
00:12 Ziggurat
00:14 Crypt
00:39 Crypt
01:05 Ziggurat
01:36 Altar of Darkness
03:10 Ziggurat
05:20 Halls of the Dead
05:40 Necropolis
06:17 Graveyard
07:05 Ziggurat
07:06 Ziggurat
07:09 Ziggurat
07:59 Black Citadel
08:06 Nerubian Tower
09:55 Sacrificial Pit
11:24 Tomb of Relics
11:45 Spirit Tower
13:28 Ziggurat
13:31 Ziggurat
13:34 Ziggurat
13:36 Necropolis
13:49 Boneyard
13:50 Boneyard
13:50 Boneyard
13:53 Slaughterhouse
13:53 Slaughterhouse
13:54 Slaughterhouse
14:42 Slaughterhouse
18:26 Ziggurat
18:26 Ziggurat
18:26 Ziggurat
23:36 Necropolis
24:58 Spirit Tower
» items
| Rod of Necromancy | 2 | |
| Scroll of Town Portal | 2 | |
| Orb of Corruption | 3 | |
7 total
team 2 (loser)
battalbey3 (
green | 45 APM | 2368 actions | 52:15)
5 Dark Ranger
3 Black Arrow
2 Silence
3 Mountain King
1 Storm Bolt
2 Bash
» actions
| Assign group hotkey | 50 | |
| Basic commands | 115 | |
| Build / train | 135 | |
| Enter build submenu | 40 | |
| Enter hero's abilities submenu | 8 | |
| Give item / drop item | 3 | |
| Remove unit from queue | 3 | |
| Right click | 896 | |
| Select / deselect | 585 | |
| Select group hotkey | 440 | |
| Use ability | 91 | |
2368 total
» units
| Peasant | 19 | |
| Footman | 12 | |
| Flying Machine | 39 | |
| Knight | 4 | |
| Goblin Shredder | 3 | |
| Goblin Zeppelin | 1 | |
78 total
» upgrades
| Defend | 1 | |
| Masonry | 3 | |
| Plating | 3 | |
| Lumber Harvesting | 2 | |
| Flying Machine Bombs | 1 | |
| Flak Cannons | 1 | |
| Animal War Training | 1 | |
| Gunpowder | 3 | |
| Swords | 3 | |
| Armor | 1 | |
19 total
» buildings
| Barracks | 1 | |
| Farm | 17 | |
| Altar of Kings | 2 | |
| Arcane Vault | 3 | |
| Town Hall | 9 | |
| Lumber Mill | 3 | |
| Keep | 2 | |
| Scout Tower | 7 | |
| Guard Tower | 4 | |
| Blacksmith | 2 | |
| Castle | 1 | |
| Workshop | 2 | |
| Cannon Tower | 1 | |
54 total
» build order
00:12 Barracks
00:43 Farm
00:47 Farm
00:58 Altar of Kings
02:17 Farm
02:49 Farm
03:16 Farm
03:23 Arcane Vault
05:36 Town Hall
06:18 Lumber Mill
07:26 Keep
08:21 Scout Tower
08:22 Scout Tower
08:29 Lumber Mill
08:54 Guard Tower
09:07 Arcane Vault
09:15 Guard Tower
09:22 Scout Tower
09:22 Scout Tower
09:27 Arcane Vault
09:36 Blacksmith
09:52 Castle
10:01 Guard Tower
10:53 Workshop
10:59 Workshop
11:03 Guard Tower
11:13 Scout Tower
12:57 Lumber Mill
14:17 Blacksmith
15:00 Farm
15:00 Farm
15:01 Farm
15:02 Farm
15:24 Cannon Tower
15:36 Farm
15:36 Farm
16:25 Farm
16:26 Farm
16:26 Farm
16:30 Farm
16:30 Farm
16:30 Farm
19:12 Scout Tower
19:13 Scout Tower
28:41 Town Hall
33:06 Town Hall
33:40 Keep
34:26 Altar of Kings
34:43 Town Hall
36:50 Town Hall
38:20 Town Hall
47:38 Town Hall
49:05 Town Hall
49:41 Town Hall
» items
| Scroll of Regeneration | 3 | |
| Lesser Clarity Potion | 1 | |
| Scroll of Town Portal | 4 | |
| Potion of Mana | 1 | |
| Potion of Healing | 5 | |
| Staff of Sanctuary | 2 | |
| Orb of Fire | 1 | |
17 total
FiendbotSlayer (
yellow | 75 APM | 4780 actions | 63:33)
7 Archmage
1 Summon Water Elemental
3 Brilliance Aura
2 Blizzard
1 Mass Teleport
6 Blood Mage
3 Flame Strike
2 Siphon Mana
1 Summon Phoenix
» actions
| Assign group hotkey | 81 | |
| Basic commands | 384 | |
| Build / train | 212 | |
| ESC pressed | 1 | |
| Enter build submenu | 45 | |
| Enter hero's abilities submenu | 14 | |
| Give item / drop item | 16 | |
| Right click | 1796 | |
| Select / deselect | 658 | |
| Select group hotkey | 1168 | |
| Use ability | 404 | |
4780 total
» units
| Peasant | 19 | |
| Footman | 4 | |
| Dragonhawk Rider | 4 | |
| Goblin Zeppelin | 12 | |
| Goblin Shredder | 3 | |
| Goblin Sapper | 7 | |
| Sorceress | 2 | |
| Gryphon Rider | 8 | |
| Blue Dragon | 3 | |
62 total
» upgrades
| Masonry | 3 | |
| Swords | 3 | |
| Armor | 3 | |
| Animal War Training | 1 | |
| Cloud | 1 | |
| Storm Hammers | 1 | |
| Sorceress Training | 2 | |
| Magic Sentry | 1 | |
| Lumber Harvesting | 2 | |
| Plating | 3 | |
| Gunpowder | 3 | |
| Defend | 1 | |
| Long Rifles | 1 | |
| Priest Training | 1 | |
| Control Magic | 1 | |
27 total
» buildings
| Altar of Kings | 1 | |
| Barracks | 1 | |
| Farm | 8 | |
| Lumber Mill | 2 | |
| Arcane Vault | 2 | |
| Town Hall | 2 | |
| Keep | 3 | |
| Scout Tower | 40 | |
| Guard Tower | 39 | |
| Blacksmith | 1 | |
| Gryphon Aviary | 6 | |
| Castle | 4 | |
| Arcane Sanctum | 1 | |
110 total
» build order
00:50 Altar of Kings
00:52 Barracks
00:54 Farm
01:05 Farm
01:25 Farm
02:01 Lumber Mill
02:15 Farm
02:17 Arcane Vault
02:20 Arcane Vault
02:25 Lumber Mill
04:09 Town Hall
05:01 Keep
05:02 Keep
05:22 Scout Tower
05:24 Scout Tower
05:53 Guard Tower
05:53 Guard Tower
06:28 Blacksmith
07:26 Gryphon Aviary
07:28 Gryphon Aviary
07:32 Castle
07:32 Castle
07:32 Castle
09:07 Scout Tower
09:11 Scout Tower
09:59 Guard Tower
09:59 Guard Tower
10:37 Farm
13:36 Scout Tower
13:38 Scout Tower
13:39 Scout Tower
13:40 Scout Tower
13:41 Scout Tower
13:42 Scout Tower
13:42 Scout Tower
13:43 Scout Tower
13:43 Scout Tower
13:48 Arcane Sanctum
14:12 Guard Tower
14:12 Guard Tower
14:12 Guard Tower
14:13 Guard Tower
14:14 Guard Tower
14:15 Guard Tower
14:20 Scout Tower
14:21 Scout Tower
14:22 Scout Tower
14:22 Scout Tower
14:23 Scout Tower
14:24 Scout Tower
14:24 Scout Tower
14:25 Scout Tower
15:00 Guard Tower
15:00 Guard Tower
15:00 Guard Tower
15:02 Guard Tower
15:02 Guard Tower
15:21 Guard Tower
15:21 Guard Tower
15:26 Guard Tower
15:26 Guard Tower
16:15 Scout Tower
16:19 Scout Tower
16:21 Town Hall
16:48 Guard Tower
16:48 Guard Tower
16:48 Guard Tower
16:52 Scout Tower
16:54 Scout Tower
16:54 Scout Tower
16:54 Scout Tower
16:56 Scout Tower
16:57 Scout Tower
16:58 Scout Tower
16:59 Scout Tower
17:01 Scout Tower
17:01 Scout Tower
18:56 Guard Tower
18:56 Guard Tower
19:53 Scout Tower
19:54 Scout Tower
19:57 Scout Tower
20:00 Scout Tower
20:01 Scout Tower
20:02 Scout Tower
20:03 Scout Tower
20:37 Gryphon Aviary
20:38 Gryphon Aviary
20:42 Gryphon Aviary
20:43 Gryphon Aviary
22:09 Farm
22:10 Farm
26:00 Farm
34:03 Guard Tower
34:03 Guard Tower
» items
| Scroll of Regeneration | 7 | |
| Staff of Teleportation | 2 | |
| Boots of Speed | 2 | |
| Tome of Retraining | 1 | |
| Mechanical Critter | 3 | |
| Periapt of Vitality | 1 | |
| Scroll of Town Portal | 3 | |
| Staff of Sanctuary | 1 | |
| Lesser Clarity Potion | 2 | |
| Potion of Healing | 1 | |
23 total
CharlesDarwin (
teal | 48 APM | 1855 actions | 38:33)
4 Archmage
2 Summon Water Elemental
2 Brilliance Aura
4 Mountain King
2 Storm Bolt
2 Bash
» actions
| Assign group hotkey | 58 | |
| Basic commands | 57 | |
| Build / train | 96 | |
| ESC pressed | 3 | |
| Enter build submenu | 39 | |
| Enter hero's abilities submenu | 8 | |
| Give item / drop item | 3 | |
| Remove unit from queue | 3 | |
| Right click | 780 | |
| Select / deselect | 518 | |
| Select group hotkey | 184 | |
| Use ability | 106 | |
1855 total
» units
| Peasant | 32 | |
| Mortar Team | 4 | |
| Siege Engine | 21 | |
| Flying Machine | 4 | |
61 total
» upgrades
| Gunpowder | 3 | |
| Plating | 3 | |
| Lumber Harvesting | 1 | |
| Barrage | 1 | |
| Armor | 1 | |
| Flying Machine Bombs | 1 | |
10 total
» buildings
| Altar of Kings | 2 | |
| Farm | 17 | |
| Barracks | 2 | |
| Arcane Vault | 1 | |
| Scout Tower | 2 | |
| Lumber Mill | 1 | |
| Arcane Tower | 1 | |
| Keep | 1 | |
| Blacksmith | 1 | |
| Castle | 1 | |
| Workshop | 3 | |
| Town Hall | 4 | |
36 total
» build order
00:51 Altar of Kings
00:54 Farm
01:01 Farm
01:19 Farm
01:25 Barracks
01:49 Arcane Vault
01:57 Scout Tower
02:36 Lumber Mill
02:44 Arcane Tower
02:51 Keep
03:03 Blacksmith
03:09 Farm
03:12 Farm
03:14 Farm
03:53 Scout Tower
03:57 Farm
05:22 Castle
05:29 Workshop
05:33 Workshop
05:39 Workshop
06:21 Town Hall
10:13 Farm
10:16 Farm
10:18 Farm
14:50 Farm
17:52 Farm
17:53 Farm
25:41 Town Hall
32:36 Altar of Kings
33:27 Barracks
33:32 Farm
33:47 Farm
35:40 Farm
35:47 Farm
36:31 Town Hall
36:59 Town Hall
» items
| Lesser Clarity Potion | 3 | |
| Scroll of Regeneration | 1 | |
| Circlet of Nobility | 1 | |
| Dust of Appearance | 1 | |
| Scroll of Town Portal | 3 | |
9 total
doratheexplora (
orange | 24 APM | 1256 actions | 53:18)
7 Paladin
1 Holy Light
2 Divine Shield
3 Devotion Aura
1 Resurrection
» actions
| Basic commands | 71 | |
| Build / train | 98 | |
| Enter build submenu | 50 | |
| Enter hero's abilities submenu | 7 | |
| Give item / drop item | 2 | |
| Remove unit from queue | 7 | |
| Right click | 434 | |
| Select / deselect | 476 | |
| Use ability | 111 | |
1256 total
» units
| Peasant | 20 | |
| Footman | 6 | |
| Knight | 9 | |
| Rifleman | 3 | |
| Flying Machine | 5 | |
43 total
» upgrades
| Defend | 1 | |
| Swords | 3 | |
| Plating | 3 | |
| Lumber Harvesting | 2 | |
| Masonry | 3 | |
| Animal War Training | 1 | |
| Gunpowder | 3 | |
| Armor | 2 | |
| Long Rifles | 1 | |
| Flak Cannons | 1 | |
| Flying Machine Bombs | 1 | |
21 total
» buildings
| Altar of Kings | 1 | |
| Farm | 11 | |
| Barracks | 2 | |
| Lumber Mill | 1 | |
| Scout Tower | 20 | |
| Town Hall | 3 | |
| Arcane Vault | 3 | |
| Blacksmith | 1 | |
| Guard Tower | 14 | |
| Keep | 1 | |
| Castle | 2 | |
| Workshop | 4 | |
63 total
» build order
00:09 Altar of Kings
00:22 Farm
00:37 Barracks
01:07 Farm
01:54 Farm
02:16 Lumber Mill
02:48 Farm
04:01 Scout Tower
04:07 Town Hall
04:17 Arcane Vault
04:22 Blacksmith
04:30 Guard Tower
04:35 Scout Tower
05:03 Keep
05:06 Guard Tower
05:13 Scout Tower
05:41 Guard Tower
05:47 Scout Tower
05:59 Barracks
06:17 Guard Tower
06:24 Scout Tower
06:52 Guard Tower
06:57 Arcane Vault
07:10 Farm
07:45 Castle
07:45 Castle
08:26 Scout Tower
11:29 Town Hall
11:36 Farm
11:51 Scout Tower
11:54 Scout Tower
12:08 Scout Tower
12:16 Farm
12:50 Guard Tower
12:54 Scout Tower
12:57 Scout Tower
13:04 Scout Tower
13:07 Farm
13:27 Guard Tower
13:28 Guard Tower
13:42 Guard Tower
14:17 Scout Tower
14:19 Scout Tower
14:39 Farm
15:34 Guard Tower
16:18 Scout Tower
16:23 Scout Tower
16:52 Guard Tower
16:53 Guard Tower
16:56 Scout Tower
16:59 Scout Tower
17:43 Guard Tower
17:46 Scout Tower
17:51 Scout Tower
20:22 Guard Tower
20:35 Arcane Vault
20:37 Guard Tower
21:26 Farm
21:55 Farm
24:04 Workshop
24:12 Workshop
24:18 Workshop
25:28 Workshop
29:29 Town Hall
» items
| Boots of Speed | 1 | |
| Scroll of Town Portal | 1 | |
| Orb of Fire | 1 | |
| Scroll of Regeneration | 1 | |
4 total
Chat log
(00:10 / Allies) jebnhil: i love you guys
(00:21 / All) Reis.: I just wiped my cum
(00:22 / All) FiendbotSlayer: We have Darwin on our team, you naggers are about to see the meaning of social darwinism
(00:24 / All) Reis.: on a dirty rag
(00:27 / All) FiendbotSlayer: when we remove you from the gene pool and slay your men
(00:34 / All) CharlesDarwin: are we human?
(00:37 / All) CharlesDarwin: or are we dancers?
(00:38 / Allies) jebnhil: ouch lol
(00:39 / All) CharlesDarwin: -charles darwin
(00:51 / All) Reis.: choke a nigger tomorrow
(00:54 / All) Reis.: and then celebrate
(01:06 / Allies) jebnhil: thats how the cops do it apparently
(01:15 / All) Reis.: cops are good people
(01:16 / All) Reis.: I told u
(01:30 / Allies) jebnhil: cops can be asshole people too though of course
(01:30 / All) Reis.: they protect us from filthy niggers
(01:43 / Allies) jebnhil: what about the nigger cops?
(01:53 / Allies) Reis.: they're a step above regular nigs
(01:55 / Allies) kujawillpwnyooo: they are the problem with the system today
(02:11 / Allies) jebnhil: we got a lot of them in my town
(02:13 / Allies) Reis.: why isw ur crytpe there
(02:18 / Allies) Reis.: nigers?
(02:26 / Allies) jebnhil: i don;t like the edge yo
(02:33 / Allies) jebnhil: plus blue and red look good together
(02:49 / All) Reis.: If u hate niggers say YETAAA
(03:42 / All) Reis.: I AM RACIST
(03:48 / Allies) jebnhil: awe i would have shared too red if you wanted
(04:20 / Allies) Reis.: blue make usnits
(04:33 / Allies) jebnhil: on its yo its coolio
(05:36 / All) FiendbotSlayer: lawl what are those for
(05:43 / Allies) Reis.: they went wrong way
(05:44 / Allies) Reis.: fuck
(06:17 / Allies) kujawillpwnyooo: who has lumberrr
(06:24 / Allies) kujawillpwnyooo: ill give gold
(06:36 / Allies) Reis.: blue
(06:37 / Allies) Reis.: heal me
(06:40 / Allies) jebnhil: red fitght damni t
(06:47 / Allies) Reis.: no fight
(06:48 / Allies) Reis.: back
(06:53 / Allies) Reis.: no fuight
(07:06 / Allies) jebnhil: whatever enjoy the loss i guess idk
(07:34 / Allies) Reis.: use ghousl
(07:34 / Allies) Reis.: blue
(08:03 / Allies) kujawillpwnyooo: no one has units
(08:07 / Allies) kujawillpwnyooo: on their team
(08:13 / Allies) Reis.: teche
(08:25 / Allies) kujawillpwnyooo: lets goo
(08:29 / All) Reis.: PSUSY
(11:21 / Allies) kujawillpwnyooo: no units
(11:37 / Allies) Reis.: blue is noob.
(11:39 / Allies) kujawillpwnyooo: tanks
(12:24 / All) FiendbotSlayer: 2 heros killed your expo red
(12:31 / All) FiendbotSlayer: how do you feel
(12:40 / Allies) Reis.: wtf
(12:41 / Allies) Reis.: are u blin
(13:19 / All) Reis.: 10 foots died to take out a 250 gol buidling
(13:21 / All) Reis.: how do u feel
(13:26 / All) FiendbotSlayer: those weren't mine
(13:28 / All) FiendbotSlayer: I don't feel a thing
(13:32 / All) battalbey3: np gold ful
(14:21 / Allies) jebnhil: gold me pls
(14:30 / Allies) kujawillpwnyooo: why is no one hitting
(14:46 / Allies) jebnhil: well i was just about to crank frosts but now....
(15:32 / Allies) jebnhil: fuck
(15:51 / Allies) jebnhil: no frostie i guess ok then
(16:04 / Allies) Reis.: back up
(16:05 / Allies) Reis.: prupel
(16:09 / Allies) Reis.: 22
(16:27 / Allies) jebnhil: one more time gold for frosties pls?
(16:45 / Allies) jebnhil: mmm yeah ok then
(16:49 / Allies) kujawillpwnyooo: thats all i got
(17:00 / Allies) kujawillpwnyooo: you should get melee though
(17:03 / Allies) jebnhil: meanwhile pinko sitting on 3k
(17:17 / Allies) jebnhil: fuck you all do NOT blame me like i said though enjoy your loss
(17:19 / All) doratheexplora: lol
(17:22 / Allies) Reis.: help
(18:27 / Allies) Reis.: blue
(18:28 / Allies) Reis.: help
(18:44 / Allies) Reis.: blue
(18:46 / Allies) Reis.: isnt boving
(18:46 / Allies) Reis.: fuck
(18:59 / All) Reis.: FUCKING BLUE
(19:01 / Allies) Reis.: fuCK U
(19:09 / Allies) Reis.: he just stand thgerere
(19:36 / All) Reis.: Blue is a troll
(19:37 / All) Reis.: fuck him
(20:12 / All) jebnhil: meanwhile pinko witting on 6k and these assholes want to blame me??!??!?!?
(20:24 / All) doratheexplora: lol
(20:37 / All) CharlesDarwin: dora and i are on a win streak
(20:58 / All) FiendbotSlayer: 2 heros raping red again
(21:53 / Allies) Reis.: gold for tp
(21:53 / Allies) Reis.: please
(21:55 / Allies) Reis.: 100
(22:03 / Allies) Reis.: ty sir
(22:10 / Allies) Reis.: this sis bad
(22:12 / Allies) Reis.: by the way
(22:41 / Allies) Reis.: fight
(22:41 / All) FiendbotSlayer: forgot about that sapper
(22:57 / All) FiendbotSlayer: fuck I clciked it too
(23:02 / All) FiendbotSlayer: 125 ms latency too much
(23:40 / All) doratheexplora: lol hows that for giving u xp
(24:00 / Allies) Reis.: go
(24:57 / All) jebnhil: red has no upgraded towers and he prob will still expect a tp
(25:02 / All) FiendbotSlayer: SO CLOSE TO 6
(25:03 / Allies) jebnhil: pinko come with me NOW pls
(25:10 / All) Reis.: Tihs team is gay
(25:33 / All) jebnhil: just cause i like cock doesn't make me gay
(26:07 / Allies) jebnhil: pinko yo yo yo
(26:27 / All) CharlesDarwin: nice
(26:30 / All) CharlesDarwin: nice yellow
(28:01 / Allies) jebnhil: go go go
(28:19 / All) FiendbotSlayer: I misclicked and killed teal's tanks
(28:33 / All) FiendbotSlayer: I'm trying to attack move with him
(28:39 / All) FiendbotSlayer: I posted on a forum about how to properly attack
(28:44 / All) FiendbotSlayer: They said to a click everywhere
(28:48 / All) CharlesDarwin: cool
(28:48 / All) jebnhil: do you blog about it?
(30:17 / Allies) narutosasuke.: watch
(30:52 / All) FiendbotSlayer: flak doesn't work on allies moron
(30:54 / All) doratheexplora: nigger
(31:02 / All) doratheexplora: ur a nigger yellow lol
(31:09 / All) FiendbotSlayer: good one
(31:12 / All) FiendbotSlayer: did you come up with it yourself?
(31:26 / All) doratheexplora: no i didnt. did u come up with anything urself dipshit
(31:39 / All) doratheexplora: ur so stupid lol yellow so dumb. bye now faggot lmao
(32:11 / All) doratheexplora: some real cool people on bnet LMFAO
(32:16 / All) narutosasuke.: wut happened
(32:24 / All) FiendbotSlayer: I agree
(32:28 / All) FiendbotSlayer: We're the coolest on battle.net
(32:37 / All) doratheexplora: ur kinda weird tho.
(33:00 / All) FiendbotSlayer: how so
(33:10 / All) doratheexplora: how so
(33:35 / All) CharlesDarwin: drop hax
(33:37 / All) FiendbotSlayer: if you lag my game plz uninstall wc3
(33:40 / All) FiendbotSlayer: DARWIN
(33:41 / Allies) jebnhil: shhh
(33:44 / All) FiendbotSlayer: THIS IS SURVIVAL OF THE FITTEST
(33:46 / All) jebnhil: shhhhh
(33:47 / All) FiendbotSlayer: YOU ARE WEAKER THAN ME
(33:48 / All) FiendbotSlayer: YOU DIE
(33:52 / All) FiendbotSlayer: AS DOES EVERYONE ELSE THIS GAME
(33:56 / All) doratheexplora: yea well im sure alot of people tell u to fuck off yellow lol
(34:53 / All) doratheexplora: pink gonna win.
(35:15 / All) doratheexplora: hes weird.
(35:28 / All) doratheexplora: probly best to not talk to yellow...lol
(35:59 / All) FiendbotSlayer: takes until I do it for your uncreative piece of shit ass to figure out you can do that
(36:23 / All) doratheexplora: dam yellow is so cool... douchebag lol
(36:47 / All) FiendbotSlayer: get that peasant back to work
(36:51 / All) FiendbotSlayer: too late
(37:34 / All) doratheexplora: i bet i would get a kick out of u if i met u yellow lol
(38:08 / All) doratheexplora: yellow is a special kind
(38:12 / All) FiendbotSlayer: My gryphons and dragon hawks are a stronger species than the siege tank
(38:18 / All) jebnhil: there is a place in heaven for that
(38:39 / All) doratheexplora: dude u are a real cool douchebag kind of guy LMFAO
(38:44 / All) FiendbotSlayer: I tried to mass tp those assholes
(38:48 / All) jebnhil: me?
(38:57 / All) FiendbotSlayer: "a real cool douchebag kind of guy" That's actually a good description lawl
(39:05 / All) doratheexplora: ur so badass on bnet lmao
(39:08 / All) jebnhil: he likes it?
(39:31 / Allies) narutosasuke.: kill my tanks blue
(39:44 / Allies) jebnhil: what?
(40:14 / Allies) jebnhil: use the last three and hit with me?
(40:31 / Allies) jebnhil: tp in on shade if you want
(41:08 / All) doratheexplora: u must have studied youtube vids and looked up warcraft3 web pages yellow.
(41:22 / All) FiendbotSlayer: I tried looking up videos
(41:31 / All) FiendbotSlayer: But they just copy my strats, like WTii making videos about a "tower exploit"
(41:35 / All) doratheexplora: u dont know how..hmmm
(41:44 / All) doratheexplora: lol
(41:46 / All) doratheexplora: ok
(41:57 / All) doratheexplora: are u a vegan yellow? lol
(42:03 / All) FiendbotSlayer: I don't know how to what?
(42:08 / All) FiendbotSlayer: look up videos? just explained that
(42:29 / Allies) jebnhil: gold for tp pls pinko 200?
(42:50 / Allies) jebnhil: ok nvm fuck me
(43:07 / Allies) jebnhil: lol dude finish this pls thanks
(43:16 / All) doratheexplora: do u dress up like WOW characters yellow? lol
(43:26 / All) jebnhil: oh that would be fun
(43:40 / All) narutosasuke.: shredder army!
(43:53 / All) doratheexplora: oh yellow stopped responding to me lol
(43:57 / All) FiendbotSlayer: I'm here
(43:59 / Allies) jebnhil: awe sad
(43:59 / All) jebnhil: sad
(44:02 / All) FiendbotSlayer: But I don't like to acknowledge those beneath me
(44:09 / All) doratheexplora: pffff lmao
(44:16 / All) narutosasuke.: this is a strange game
(44:20 / All) narutosasuke.: thought my team lost for sure
(44:20 / All) doratheexplora: beneath you on bnet.....lmao
(44:23 / All) FiendbotSlayer: If you're laughing why are you still here desperate to win?
(44:25 / All) jebnhil: pinko has 10k
(44:30 / All) jebnhil: i did too dude
(44:37 / All) doratheexplora: yea im desperate for a win lmao
(44:54 / All) jebnhil: who is NOT rotfl
(44:55 / All) doratheexplora: im here cuz im amused lol
(45:12 / All) doratheexplora: lol
(45:45 / All) doratheexplora: u are supieror to me in the video game world....lmao oh man. that blows lmao
(46:09 / All) FiendbotSlayer: Yeah for real
(46:12 / All) FiendbotSlayer: I bet you had like 40 APM
(46:19 / All) doratheexplora: man i wonder how butthurt yellow gets at home while he plays this game and loses lmao
(46:25 / All) FiendbotSlayer: this game is probably older than your brother
(46:30 / All) FiendbotSlayer: you have had so many years to get better at it
(46:34 / All) FiendbotSlayer: but you have gotten nowhere
(46:54 / All) doratheexplora: lmao. it wasnt one of my priorities....lol
(47:01 / All) FiendbotSlayer: wasn't one of mine either
(47:04 / All) FiendbotSlayer: I didn't have to try
(47:07 / All) doratheexplora: i just come on here for fun...
(47:30 / All) doratheexplora: apparently it was ur priority cuz u wouldnt act like such a loser on here...lmao
(47:32 / All) jebnhil: how is that working out for ya oj?
(47:39 / All) jebnhil: the fun?
(47:49 / Allies) jebnhil: you hitting pinko or whats the plan?
(47:51 / All) doratheexplora: its workn alright for me...lol
(48:06 / All) jebnhil: cool thats the important part for sure
(48:14 / All) doratheexplora: im at home chuckling at this douche yellow...so yea its workin aright...lol
(49:10 / All) FiendbotSlayer: I'm having a chuckle too
(49:16 / All) FiendbotSlayer: at this dumbass yellow still in game after over an hour
(49:20 / All) jebnhil: pink?
(49:25 / All) doratheexplora: lol k
(49:36 / Allies) jebnhil: you gonna hit?
(49:41 / Allies) narutosasuke.: yes
(49:48 / Allies) jebnhil: when?
(49:50 / All) FiendbotSlayer: meant to say orange oops
(49:53 / All) FiendbotSlayer: Now I do look stupid
(49:59 / All) FiendbotSlayer: I'm just browsing the internet on my second monitor
(50:03 / All) FiendbotSlayer: can't remember which colour is which
(50:11 / All) doratheexplora: u would think u look stupid...ur gay as hell dude lmao
(50:18 / Allies) jebnhil: dude wtf pinko?
(50:29 / All) FiendbotSlayer: what makes think I'm a homosexual
(50:56 / All) jebnhil: gays usually have more class though
(50:59 / All) doratheexplora: gay is something people used to say to something or someone that they think is lame.
(51:08 / All) FiendbotSlayer: Oh I see
(51:09 / All) doratheexplora: ur just gay dude lol
(51:21 / All) FiendbotSlayer: You're boring
(51:31 / All) FiendbotSlayer: I was hoping for someone like walmartpimp or something for my first game back
(51:42 / All) doratheexplora: oh
(51:51 / Allies) jebnhil: or the mustang?
(51:54 / All) doratheexplora: i dont work there...idk what u mean by that anyways...lol
(52:03 / All) narutosasuke.: get me to the mustmang!
(52:08 / All) FiendbotSlayer: walmart pimp is a fun player, I have made him my ho many times
(52:11 / All) battalbey3: yellow mega noob
(52:19 / All) doratheexplora: lol
(52:22 / All) jebnhil: he is just trolling
(52:26 / All) FiendbotSlayer: my 0-0 is better
(52:27 / All) doratheexplora: dam u gonna take that yellow?
(52:51 / Allies) jebnhil: ummm so pinko for real whats the deal man why you just sitting on gold and not finish this?
(52:51 / All) doratheexplora: now he kil himself lol
(53:00 / All) FiendbotSlayer: GOODBYE, CRUEL WORLD!
(53:15 / All) doratheexplora: bye fag lol
(53:18 / All) jebnhil: he may be pinko too idk kinda odd shit over here
(53:31 / All) FiendbotSlayer: Just blue left now
(53:35 / All) FiendbotSlayer: have you not figured it out? lol
(55:38 / All) FiendbotSlayer: that zepp turning animation is cool in a patrol
(55:45 / All) FiendbotSlayer: doesn't finish even turning every time it moves
(55:45 / All) jebnhil: guess i should have played STO instead you fucking dumb ass troll
(55:51 / All) FiendbotSlayer: STO?
(55:55 / All) FiendbotSlayer: what's that so I can make fun of it
(55:57 / All) narutosasuke.: wut is sto
(56:05 / All) FiendbotSlayer: yeah what's sto
(56:06 / All) FiendbotSlayer: tell us
(56:07 / All) jebnhil: blizzard needs better controls on this shit glad you wasted your time and mine and these other guys
(56:15 / All) FiendbotSlayer: lawl
(56:21 / Allies) jebnhil: who are just trying to have some entertainment and relaxation
(56:26 / All) FiendbotSlayer: do you play other blizzard games that they do care about somewhat?
(56:27 / Allies) jebnhil: be a troll though its cool
(56:28 / All) FiendbotSlayer: like sc2?
(56:32 / All) FiendbotSlayer: are you a korean wannabe
(60:29 / All) FiendbotSlayer: yeah I see it
(62:14 / All) FiendbotSlayer: Any last words blue?
(62:24 / All) FiendbotSlayer: you aren't very talkative flamechamp
(62:37 / All) narutosasuke.: just getting used to this again
(62:44 / All) FiendbotSlayer: me too lawl
(62:46 / All) FiendbotSlayer: not playing well